AoeStats
← simon.castro260601

Black Forest

505787245Analyzed
2v2 RM · 20d ago on Sep 11, 2026· 80m 35s· 4 players
Game mode
Random Map
Map size
Medium (4 player)
Population
200
Speed
Normal
Resources
Standard
Victory
Conquest
Starting age
Dark Age
Ending age
Imperial Age
RankedLock teamsTeams togetherTeam positionsShared explorationLock speedFull tech treeHidden civsTurbo modeCheats
Victory
Defeat
🇺🇸 Byzantines · United States
753
+18
🇺🇸 Persians · United States
745
+18
🇲🇽 Goths · Mexico
789
-18
🇲🇽 Huns · Mexico
785
-18
AZULA
0:26 Loom
14:26 Feudal Age
17:07 Double-Bit Axe
26:47 Castle Age
28:55 Crossbowman
32:31 Imperial Age
30:21 Fortified Wall
30:47 Squires
36:24 Chemistry
36:15 Stone Mining
36:18 Gold Mining
37:18 Wheelbarrow
39:45 Gold Shaft Mining
40:14 Hand Cart
41:07 Horse Collar
41:41 Bow Saw
44:12 Pikeman
47:46 Arbalester
48:28 Fletching
48:38 Padded Archer Armor
48:49 Forging
49:21 Thumb Ring
51:30 Caravan
52:00 Coinage
55:29 Leather Archer Armor
55:10 Bodkin Arrow
55:51 Iron Casting
55:13 Heavy Camel Rider
55:54 Husbandry
59:42 Two-Man Saw
58:45 Heavy Plow
62:00 Stone Shaft Mining
62:37 Banking
62:28 Halberdier
70:56 Guilds
80:00 Scale Mail Armor
80:31 Ring Archer Armor
Matthias9
0:45 Loom
17:01 Feudal Age
17:24 Town Watch
18:14 Wheelbarrow
18:51 Horse Collar
18:59 Double-Bit Axe
19:19 Gold Mining
19:21 Stone Mining
25:22 Man-at-Arms
25:48 Arson
29:12 Castle Age
30:12 Hand Cart
32:18 Gold Shaft Mining
34:38 Caravan
35:09 Coinage
36:52 Stone Shaft Mining
36:20 Heavy Plow
36:49 Bow Saw
41:45 Imperial Age
42:43 Elite War Elephant
44:33 Conscription
47:01 Onager
47:10 Heavy Camel Rider
48:02 Bloodlines
48:36 Town Patrol
49:16 Crop Rotation
50:08 Two-Man Saw
52:58 Devotion
53:01 Kamandaran
53:11 Citadels
53:37 Hoardings
54:21 Husbandry
55:29 Forging
55:21 Scale Mail Armor
55:28 Scale Barding Armor
55:24 Padded Archer Armor
56:55 Iron Casting
56:42 Chain Barding Armor
56:38 Chain Mail Armor
56:14 Fletching
57:01 Masonry
57:51 Chemistry
57:12 Ballistics
56:48 Murder Holes
57:46 Leather Archer Armor
58:50 Banking
61:41 Blast Furnace
61:18 Plate Barding Armor
61:15 Plate Mail Armor
61:17 Ring Archer Armor
60:45 Bodkin Arrow
61:22 Banking
61:04 Guilds
62:56 Crossbowman
63:45 Thumb Ring
66:00 Architecture
simon.castro260601
6:00 Loom
13:35 Feudal Age
14:14 Double-Bit Axe
18:47 Man-at-Arms
20:23 Horse Collar
21:42 Scale Mail Armor
21:52 Forging
30:33 Castle Age
30:49 Long Swordsman
31:49 Heavy Plow
32:02 Bow Saw
32:38 Chain Mail Armor
32:58 Iron Casting
33:50 Stone Mining
33:51 Gold Mining
34:45 Caravan
38:27 Wheelbarrow
37:38 Town Watch
38:32 Anarchy
42:58 Imperial Age
40:37 Crossbowman
47:29 Blast Furnace
46:33 Elite Huskarl
47:30 Perfusion
48:09 Town Patrol
48:25 Hand Cart
50:29 Crop Rotation
51:03 Two-Man Saw
50:37 Ballistics
51:18 Chemistry
50:23 Siphons
56:00 Pikeman
56:40 Squires
58:03 Halberdier
andresnunezrubio23
4:40 Loom
16:01 Feudal Age
17:56 Horse Collar
21:07 Gold Mining
24:54 Stone Mining
24:55 Double-Bit Axe
30:36 Castle Age
28:15 Man-at-Arms
28:58 Arson
29:30 Bloodlines
30:49 Scale Barding Armor
31:37 Husbandry
31:00 Light Cavalry
32:06 Squires
32:32 Heavy Plow
32:57 Bow Saw
32:33 Pikeman
34:07 Gold Shaft Mining
36:25 Wheelbarrow
35:36 Town Watch
38:04 Marauders
42:32 Imperial Age
40:19 Hand Cart
40:05 Town Patrol
42:20 Scale Mail Armor
43:55 Conscription
42:59 Capped Ram
43:02 Hussar
45:08 Two-Man Saw
44:56 Halberdier
45:00 Cavalier
46:54 Chain Barding Armor
47:53 Elite Tarkan
50:39 Atheism
56:43 Plate Barding Armor
59:29 Ballistics
60:12 Chemistry
59:48 Chain Mail Armor
59:45 Forging
59:03 Paladin
Connection lost

Rejoining the realm…

Still unreachable

The connection could not be restored.

Session expired

The server has moved on; the page needs a fresh start.